 Dungeon Crawl Stone Soup version 0.23.2-33-g5129a83184 (webtiles) character file.

Game seed: 15793837657415891509

1038 AarnesTheHuman the Ruffian (level 8, 0/80 HPs)
             Began as a Troll Berserker on July 15, 2019.
             Was an Elder of Trog.
             Shot with an arrow by a centaur (1 damage)
             ... on level 5 of the Dungeon.
             The game lasted 00:22:10 (5619 turns).

AarnesTheHuman the Ruffian (Troll Berserker)        Turns: 5619, Time: 00:22:11

Health: 0/80       AC:  6    Str: 28    XL:     8   Next: 4%
Magic:  16/16      EV: 11    Int:  3    God:    Trog [****..]
Gold:   216        SH:  0    Dex:  9    Spells: 7/7 levels left

rFire    . . .     SeeInvis +     - Unarmed
rCold    . . .     Gourm    +   (no shield)
rNeg     . . .     Faith    .   i - +0 robe
rPois    .         Spirit   .   (helmet restricted)
rElec    .         Reflect  .   (no cloak)
rCorr    .         Harm     .   (gloves unavailable)
MR       .....                  (boots unavailable)
Stlth    +.........             (no amulet)
HPRegen  0.63/turn              w - ring of see invisible
MPRegen  0.15/turn              s - ring of magical power

@: no status effects
A: large, unfitting armour, claws 3, fast metabolism 3, gourmand, regeneration
1, shaggy fur 1, tough skin 3
a: Berserk, Trog's Hand, Brothers in Arms, Renounce Religion


You were on level 5 of the Dungeon.
You worshipped Trog.
Trog was greatly pleased with you.
You were not hungry.

You visited 1 branch of the dungeon, and saw 5 of its levels.

You collected 381 gold pieces.
You spent 165 gold pieces at shops.

Inventory:

Hand Weapons
 c - a +1 hunting sling of velocity
Missiles
 d - 352 stones (quivered)
 n - 22 poisoned needles
 p - 3 poisoned javelins
 y - 29 bolts
Armour
 a - a +0 animal skin
 i - a +0 robe (worn)
 u - a +0 robe
Jewellery
 s - a ring of magical power (right claw)
 w - a ring of see invisible (left claw)
Scrolls
 e - 4 scrolls of teleportation
 g - 4 scrolls of remove curse
 j - 2 scrolls of amnesia
 t - 2 scrolls of enchant armour {unknown}
 x - a scroll of fog {unknown}
Potions
 f - 2 potions of heal wounds
 h - a potion of flight {unknown}
 k - 2 potions of lignification {unknown}
 l - 3 potions of curing {unknown}
 m - a potion of ambrosia {unknown}
 o - 2 potions of degeneration {unknown}
 q - 4 potions of resistance {unknown}
 r - a potion of mutation {unknown}
 v - a potion of brilliance {unknown}
Comestibles
 b - a ration


   Skills:
 + Level 5.1 Fighting
 + Level 5.1 Dodging
 + Level 6.1 Unarmed Combat


You had 7 spell levels left.
You didn't know any spells.
Your spell library was empty.

Dungeon Overview and Level Annotations

Branches:
Dungeon (5/15)             Temple (0/1) D:4

Altars:
Ashenzari
Okawaru

Shops:
D:4 =   D:5 !


Innate Abilities, Weirdness & Mutations

You are too large for most types of armour.
You have claws for hands.
Your metabolism is lightning-fast.
You like to eat raw meat.
Your natural rate of healing is unusually fast.
You are covered in fur. (AC +1)
You have extremely tough skin. (AC +3)


Message History

You see here an arrow.
You closely miss the crimson imp. The crimson imp barely misses you.
The centaur shoots an arrow.
The arrow hits you!
You mangle the crimson imp!!
You kill the crimson imp!
Trog accepts your kill.
The centaur shoots an arrow.
The arrow hits you.
The centaur shoots an arrow.
The arrow hits you.
You see here an arrow.
The centaur shoots an arrow.
The arrow hits you.
You see here an arrow.
The centaur shoots an arrow.
The arrow hits you!
* * * LOW HITPOINT WARNING * * *
The centaur shoots an arrow.
The arrow hits you!
* * * LOW HITPOINT WARNING * * *
You see here an arrow.
The centaur shoots an arrow.
The arrow hits you!
* * * LOW HITPOINT WARNING * * *
The centaur shoots an arrow.
The arrow hits you.
You die...

#.# #.##.# #....... #.#
#.##.# #######. #.# #.##.#
#. #.# #.##.# #. ..# #.##.#
#. ### #.##.##########.
#.##.#..........
#############.##.#.#########
#....(...c(@(.##.#..........
#.####.#########.###########
#.# #.# #............ #.#
#c. ############# #.# #8.8
#.# #.⌠.⌠ #.# .8.∩.8 #.#
..⌠.⌠.#


You could see a centaur.

Vanquished Creatures
  An ice beast (D:5)
  A phantom (D:4)
  Blork the orc (D:4)
  3 big kobolds (D:4)
  A howler monkey (D:4)
  A crimson imp (D:5)
  A hound (D:5)
  Jessica (D:3)
  Natasha (thrice) (D:2)
  Terence (D:2)
  2 iguanas
  A worker ant (D:4)
  A hound zombie (D:4)
  3 adders
  6 gnolls
  A worm (D:3)
  4 dart slugs
  2 leopard geckos
  11 orcs
  3 giant cockroaches
  36 goblins
  32 hobgoblins
  7 jackals
  A quokka (D:3)
  3 ball pythons
  6 bats
  7 frilled lizards
  8 kobolds
  6 rats
154 creatures vanquished.

Notes
Turn   | Place    | Note
-------+----------+-------------------------------------------
     0 | D:1      | AarnesTheHuman the Troll Berserker began the quest for the
                  | Orb.
     0 | D:1      | Reached XP level 1. HP: 22/22 MP: 0/0
   220 | D:1      | Reached XP level 2. HP: 28/29 MP: 1/1
   525 | D:1      | Reached ** piety under Trog
   525 | D:1      | Reached XP level 3. HP: 36/36 MP: 2/2
   935 | D:2      | Noticed Terence
   940 | D:2      | Killed Terence
   951 | D:2      | Reached XP level 4. HP: 31/45 MP: 3/3
  1077 | D:2      | Noticed Natasha
  1090 | D:2      | Killed Natasha
  1257 | D:2      | Noticed Natasha
  1260 | D:2      | Found a shattered altar of Ashenzari.
  1267 | D:2      | Killed Natasha
  1267 | D:2      | Reached skill level 4 in Unarmed Combat
  1338 | D:2      | Reached XP level 5. HP: 45/53 MP: 4/4
  1585 | D:2      | Noticed Natasha
  1586 | D:2      | Killed Natasha
  2097 | D:3      | Noticed Jessica
  2116 | D:3      | Killed Jessica
  2488 | D:3      | Reached *** piety under Trog
  2488 | D:3      | Reached XP level 6. HP: 62/62 MP: 5/5
  2915 | D:4      | Noticed Blork the orc
  2928 | D:4      | Killed Blork the orc
  2929 | D:4      | Found an iron altar of Okawaru.
  3055 | D:4      | Found Cebbas's Jewellery Shop.
  3452 | D:4      | Reached skill level 5 in Unarmed Combat
  3575 | D:4      | Reached **** piety under Trog
  3713 | D:4      | Reached XP level 7. HP: 64/71 MP: 6/6
  3868 | D:4      | Found a staircase to the Ecumenical Temple.
  4796 | D:4      | Bought an uncursed ring of see invisible for 165 gold
                  | pieces
  4813 | D:5      | Entered Level 5 of the Dungeon
  5583 | D:5      | Reached skill level 5 in Fighting
  5583 | D:5      | Reached skill level 5 in Dodging
  5583 | D:5      | Reached skill level 6 in Unarmed Combat
  5583 | D:5      | Reached XP level 8. HP: 63/80 MP: 7/7
  5597 | D:5      | Found Jiseam's Distillery.
  5619 | D:5      | HP: 1/80 [centaur/arrow (13)]
  5619 | D:5      | Shot with an arrow by a centaur

Skill      XL: |  1  2  3  4  5  6  7 |
---------------+----------------------+-----
Fighting       | 3 4 5 |  5.1
Dodging        | 3 4 5 |  5.1
Unarmed Combat | 4 5 6 |  6.1

Action                   |  1- 3 |  4- 6 |  7- 9 || total
-------------------------+-------+-------+-------++-------
Melee: Unarmed           |    84 |   262 |    69 ||   415
       Punch             |     1 |     6 |     1 ||     8
  Use: Scroll            |       |     5 |     1 ||     6
       Potion            |       |     2 |       ||     2
  Eat: Ration            |     3 |     4 |     2 ||     9
       Chunk             |       |    12 |     9 ||    21
Armor: Animal skin       |    26 |       |       ||    26
       Robe              |    28 |   153 |    18 ||   199
Dodge: Dodged            |    67 |   278 |    42 ||   387
